General information
- name: daselend P:| L:17
- type: Custom game
- host: daselend
- saver: Sakura[GGL]
map: SilverpineForest
- players: 12
- length: 62:03
- speed: Fast
- version: 1.24 W3XP
- replay type: Public
» download(526 KB)
Players
team 1 (loser)
lovetrance (
gray | 59 APM | 3680 actions | 62:03)
5 Dark Ranger
2 Black Arrow
3 Silence
4 Pandaren Brewmaster
2 Breath of Fire
2 Drunken Haze
3 Priestess of the Moon
2 Scout
1 Trueshot Aura
» actions
| Assign group hotkey | 46 | |
| Basic commands | 22 | |
| Build / train | 114 | |
| ESC pressed | 6 | |
| Enter build submenu | 59 | |
| Enter hero's abilities submenu | 12 | |
| Give item / drop item | 4 | |
| Right click | 2083 | |
| Select / deselect | 584 | |
| Select group hotkey | 600 | |
| Use ability | 150 | |
3680 total
» units
| Wisp | 44 | |
| Archer | 5 | |
| Goblin Shredder | 3 | |
| Druid of the Talon | 6 | |
| Chimaera | 2 | |
| Druid of the Claw | 2 | |
| Glaive Thrower | 2 | |
| Hippogryph | 1 | |
65 total
» upgrades
| Corrosive Breath | 1 | |
| Well Spring | 1 | |
| Reinforced Hides | 3 | |
| Strength of the Wild | 3 | |
| Ultravision | 1 | |
| Druid of the Talon Training | 2 | |
| Druid of the Claw Training | 2 | |
| Mark of the Talon | 1 | |
| Vorpal Blades | 1 | |
15 total
» buildings
| Ancient of War | 3 | |
| Moon Well | 24 | |
| Altar of Elders | 1 | |
| Tree of Ages | 3 | |
| Tree of Life | 12 | |
| Tree of Eternity | 2 | |
| Ancient of Wind | 2 | |
| Ancient of Wonders | 1 | |
| Hunter's Hall | 1 | |
| Chimaera Roost | 6 | |
| Ancient of Lore | 1 | |
| Ancient Protector | 5 | |
61 total
» build order
00:18 Ancient of War
00:32 Moon Well
01:05 Altar of Elders
01:11 Moon Well
03:15 Tree of Ages
03:15 Tree of Ages
03:15 Tree of Ages
03:54 Tree of Life
04:05 Moon Well
05:54 Tree of Eternity
05:54 Tree of Eternity
06:21 Ancient of Wind
06:47 Ancient of Wonders
07:45 Hunter's Hall
07:56 Tree of Life
08:06 Moon Well
08:07 Moon Well
08:17 Chimaera Roost
09:21 Chimaera Roost
10:59 Moon Well
11:59 Ancient of Wind
12:02 Ancient of Lore
12:57 Chimaera Roost
13:37 Ancient Protector
14:52 Ancient of War
14:52 Ancient of War
15:41 Moon Well
15:41 Moon Well
15:42 Moon Well
16:16 Moon Well
16:16 Moon Well
16:22 Tree of Life
16:24 Tree of Life
16:51 Moon Well
16:58 Moon Well
17:02 Moon Well
17:02 Moon Well
17:17 Moon Well
17:18 Moon Well
17:19 Moon Well
18:06 Moon Well
18:07 Moon Well
18:33 Chimaera Roost
18:34 Chimaera Roost
18:35 Chimaera Roost
19:00 Moon Well
19:01 Moon Well
20:24 Ancient Protector
20:24 Ancient Protector
20:27 Ancient Protector
20:28 Ancient Protector
21:44 Moon Well
23:12 Tree of Life
24:03 Tree of Life
27:44 Moon Well
28:17 Tree of Life
28:29 Tree of Life
31:52 Tree of Life
31:58 Tree of Life
32:06 Tree of Life
32:25 Tree of Life
» items
| Boots of Speed | 2 | |
| Periapt of Vitality | 1 | |
| Scroll of Healing | 1 | |
| Khadgar's Pipe of Insight | 1 | |
5 total
team 2 (loser)
Shunned (
blue | 95 APM | 5890 actions | 62:00)
7 Dark Ranger
3 Black Arrow
3 Silence
1 Charm
8 Pandaren Brewmaster
3 Drunken Haze
3 Breath of Fire
1 Storm Earth and Fire
1 Drunken Brawler
6 Priestess of the Moon
2 Trueshot Aura
3 Scout
1 Starfall
» actions
| Assign group hotkey | 63 | |
| Basic commands | 3 | |
| Build / train | 192 | |
| Enter build submenu | 72 | |
| Enter hero's abilities submenu | 21 | |
| Give item / drop item | 7 | |
| Remove unit from queue | 15 | |
| Right click | 2765 | |
| Select / deselect | 892 | |
| Select group hotkey | 1492 | |
| Use ability | 368 | |
5890 total
» units
| Wisp | 82 | |
| Archer | 5 | |
| Goblin Shredder | 1 | |
| Chimaera | 11 | |
| Druid of the Claw | 3 | |
| Hippogryph | 5 | |
| Druid of the Talon | 1 | |
108 total
» upgrades
| Strength of the Wild | 3 | |
| Ultravision | 1 | |
| Druid of the Claw Training | 1 | |
| Reinforced Hides | 3 | |
| Well Spring | 1 | |
| Nature's Blessing | 1 | |
| Druid of the Talon Training | 2 | |
| Corrosive Breath | 1 | |
13 total
» buildings
| Moon Well | 25 | |
| Altar of Elders | 2 | |
| Ancient of War | 1 | |
| Tree of Ages | 2 | |
| Tree of Life | 17 | |
| Ancient of Wonders | 2 | |
| Tree of Eternity | 1 | |
| Ancient of Wind | 6 | |
| Hunter's Hall | 1 | |
| Ancient of Lore | 1 | |
| Chimaera Roost | 4 | |
| Ancient Protector | 16 | |
78 total
» build order
00:11 Moon Well
00:18 Altar of Elders
00:39 Ancient of War
01:24 Moon Well
02:38 Tree of Ages
02:39 Tree of Ages
03:34 Tree of Life
03:50 Moon Well
04:27 Ancient of Wonders
06:23 Tree of Eternity
06:58 Ancient of Wind
07:02 Hunter's Hall
08:05 Ancient of Lore
08:48 Chimaera Roost
08:49 Chimaera Roost
08:50 Chimaera Roost
08:52 Chimaera Roost
09:19 Ancient of Wind
09:54 Tree of Life
10:45 Moon Well
10:46 Moon Well
11:33 Moon Well
11:57 Ancient of Wind
12:01 Ancient of Wind
14:01 Tree of Life
15:49 Tree of Life
15:53 Tree of Life
18:07 Tree of Life
18:11 Ancient Protector
18:46 Ancient Protector
19:07 Ancient Protector
19:38 Ancient Protector
19:59 Ancient Protector
20:15 Moon Well
20:15 Moon Well
20:16 Moon Well
20:16 Moon Well
22:15 Tree of Life
23:33 Ancient of Wind
23:36 Ancient of Wind
24:44 Ancient Protector
24:45 Ancient Protector
24:48 Ancient Protector
28:22 Ancient Protector
30:35 Ancient Protector
30:36 Ancient Protector
30:38 Ancient Protector
31:10 Moon Well
31:11 Moon Well
31:12 Moon Well
31:12 Moon Well
31:14 Moon Well
32:39 Tree of Life
33:23 Ancient of Wonders
33:31 Ancient Protector
33:32 Ancient Protector
33:33 Ancient Protector
33:34 Tree of Life
33:37 Ancient Protector
34:51 Moon Well
34:51 Moon Well
39:42 Tree of Life
39:45 Tree of Life
43:06 Tree of Life
43:09 Tree of Life
44:52 Tree of Life
47:29 Tree of Life
53:49 Tree of Life
54:37 Moon Well
54:38 Moon Well
54:39 Moon Well
54:40 Moon Well
54:40 Moon Well
54:40 Moon Well
56:35 Moon Well
56:36 Moon Well
60:05 Altar of Elders
60:23 Tree of Life
» items
| Scroll of Town Portal | 16 | |
| Staff of Preservation | 1 | |
| Scroll of Healing | 10 | |
| Staff of Teleportation | 1 | |
| Periapt of Vitality | 2 | |
| Potion of Lesser Invulnerability | 1 | |
| Legion Doom-Horn | 1 | |
| Pendant of Mana | 1 | |
| Scroll of Protection | 3 | |
| Potion of Healing | 1 | |
37 total
team 3 (loser)

»
LSM33 (
light-blue | 75 APM | 4662 actions | 62:02)
6 Archmage
3 Summon Water Elemental
2 Brilliance Aura
1 Mass Teleport
2 Mountain King
1 Storm Bolt
1 Bash
1 Paladin
1 Holy Light
» actions
| Assign group hotkey | 57 | |
| Basic commands | 306 | |
| Build / train | 159 | |
| ESC pressed | 27 | |
| Enter build submenu | 53 | |
| Enter hero's abilities submenu | 10 | |
| Give item / drop item | 12 | |
| Remove unit from queue | 4 | |
| Right click | 2420 | |
| Select / deselect | 1043 | |
| Select group hotkey | 335 | |
| Use ability | 234 | |
4662 total
» units
| Peasant | 58 | |
| Footman | 4 | |
| Goblin Shredder | 4 | |
| Dragonhawk Rider | 3 | |
| Flying Machine | 7 | |
| Goblin Sapper | 19 | |
| Mortar Team | 1 | |
| Goblin Zeppelin | 1 | |
97 total
» upgrades
| Masonry | 3 | |
| Armor | 1 | |
| Swords | 1 | |
| Animal War Training | 1 | |
| Storm Hammers | 1 | |
7 total
» buildings
| Altar of Kings | 3 | |
| Barracks | 1 | |
| Farm | 10 | |
| Lumber Mill | 3 | |
| Arcane Vault | 2 | |
| Town Hall | 8 | |
| Scout Tower | 11 | |
| Arcane Tower | 5 | |
| Keep | 5 | |
| Blacksmith | 1 | |
| Guard Tower | 4 | |
| Castle | 1 | |
| Gryphon Aviary | 3 | |
| Workshop | 1 | |
58 total
» build order
00:09 Altar of Kings
00:21 Barracks
00:35 Farm
00:50 Farm
01:36 Farm
02:22 Farm
02:30 Farm
03:09 Lumber Mill
03:21 Arcane Vault
04:28 Town Hall
04:32 Scout Tower
04:47 Scout Tower
04:58 Arcane Tower
04:58 Arcane Tower
05:32 Keep
05:32 Keep
05:33 Keep
05:33 Keep
06:06 Arcane Tower
06:07 Scout Tower
06:10 Blacksmith
06:15 Scout Tower
06:20 Scout Tower
06:49 Guard Tower
06:51 Guard Tower
09:32 Scout Tower
09:33 Scout Tower
09:35 Scout Tower
09:37 Scout Tower
09:45 Town Hall
10:03 Castle
10:49 Gryphon Aviary
10:50 Gryphon Aviary
10:56 Gryphon Aviary
11:26 Guard Tower
11:30 Guard Tower
12:15 Arcane Tower
12:22 Workshop
12:26 Farm
12:27 Farm
14:46 Town Hall
19:04 Town Hall
20:39 Keep
20:50 Arcane Vault
28:00 Town Hall
33:26 Altar of Kings
41:19 Town Hall
48:38 Altar of Kings
51:08 Farm
51:09 Farm
51:40 Lumber Mill
53:02 Farm
53:55 Town Hall
55:17 Scout Tower
55:22 Town Hall
55:39 Arcane Tower
57:07 Scout Tower
57:27 Lumber Mill
» items
| Scroll of Regeneration | 4 | |
| Periapt of Vitality | 1 | |
| Ivory Tower | 9 | |
| Lesser Clarity Potion | 1 | |
| Mechanical Critter | 1 | |
| Khadgar's Gem of Health | 1 | |
| Replenishment Potion | 2 | |
| Potion of Invisibility | 1 | |
| Boots of Speed | 1 | |
21 total
team 4 (winner)

»
Slythe (
yellow | 115 APM | 7151 actions | 62:03)
10 Mountain King
3 Storm Bolt
3 Bash
1 Avatar
3 Thunder Clap
6 Pandaren Brewmaster
3 Breath of Fire
2 Drunken Haze
1 Storm Earth and Fire
8 Goblin Alchemist
3 Acid Bomb
3 Chemical Rage
1 Transmute
1 Healing Spray
» actions
| Assign group hotkey | 69 | |
| Basic commands | 54 | |
| Build / train | 204 | |
| ESC pressed | 9 | |
| Enter build submenu | 61 | |
| Enter hero's abilities submenu | 24 | |
| Give item / drop item | 12 | |
| Remove unit from queue | 6 | |
| Right click | 4198 | |
| Select / deselect | 1521 | |
| Select group hotkey | 616 | |
| Use ability | 377 | |
7151 total
» units
| Peasant | 36 | |
| Footman | 7 | |
| Goblin Shredder | 1 | |
| Siege Engine | 28 | |
| Mortar Team | 2 | |
| Spell Breaker | 4 | |
| Flying Machine | 3 | |
| Dragonhawk Rider | 1 | |
82 total
» upgrades
| Lumber Harvesting | 2 | |
| Masonry | 3 | |
| Gunpowder | 3 | |
| Plating | 3 | |
| Barrage | 1 | |
| Flak Cannons | 1 | |
| Magic Sentry | 1 | |
| Swords | 3 | |
| Control Magic | 1 | |
| Fragmentation Shards | 1 | |
| Flying Machine Bombs | 1 | |
| Cloud | 1 | |
21 total
» buildings
| Barracks | 1 | |
| Farm | 12 | |
| Lumber Mill | 1 | |
| Altar of Kings | 2 | |
| Arcane Vault | 9 | |
| Keep | 3 | |
| Castle | 3 | |
| Town Hall | 10 | |
| Scout Tower | 14 | |
| Blacksmith | 2 | |
| Arcane Tower | 6 | |
| Workshop | 6 | |
| Arcane Sanctum | 4 | |
| Gryphon Aviary | 2 | |
| Cannon Tower | 2 | |
77 total
» build order
00:19 Barracks
00:33 Farm
00:49 Lumber Mill
01:11 Farm
01:19 Altar of Kings
02:01 Farm
02:59 Farm
03:42 Arcane Vault
03:55 Keep
03:55 Keep
04:51 Farm
06:38 Castle
06:49 Town Hall
06:52 Scout Tower
06:55 Scout Tower
07:01 Blacksmith
07:20 Arcane Tower
07:25 Arcane Tower
08:20 Workshop
09:23 Workshop
10:22 Workshop
10:24 Workshop
10:46 Workshop
11:27 Blacksmith
11:43 Farm
12:03 Farm
12:07 Farm
12:08 Farm
12:17 Town Hall
13:58 Farm
17:54 Town Hall
18:22 Arcane Sanctum
18:24 Arcane Sanctum
24:03 Town Hall
25:25 Town Hall
27:49 Arcane Vault
32:24 Arcane Vault
35:03 Town Hall
35:08 Scout Tower
35:22 Gryphon Aviary
35:24 Gryphon Aviary
36:45 Town Hall
37:04 Town Hall
38:34 Farm
39:20 Keep
39:32 Town Hall
41:10 Arcane Vault
42:24 Arcane Vault
45:16 Castle
45:16 Castle
45:18 Farm
46:02 Arcane Vault
46:03 Workshop
46:06 Arcane Sanctum
47:33 Arcane Sanctum
47:35 Arcane Vault
49:50 Scout Tower
50:34 Cannon Tower
50:34 Cannon Tower
50:41 Scout Tower
51:49 Scout Tower
51:50 Scout Tower
51:51 Scout Tower
51:52 Scout Tower
51:53 Altar of Kings
51:54 Scout Tower
52:27 Arcane Tower
52:29 Scout Tower
52:31 Scout Tower
53:05 Arcane Tower
54:20 Arcane Vault
54:38 Arcane Vault
56:31 Town Hall
59:19 Scout Tower
59:51 Arcane Tower
59:54 Scout Tower
61:16 Arcane Tower
» items
| Scroll of Regeneration | 4 | |
| Lesser Clarity Potion | 3 | |
| Boots of Speed | 2 | |
| Potion of Invisibility | 5 | |
| Potion of Lesser Invulnerability | 5 | |
| Scroll of Town Portal | 10 | |
| Medallion of Courage | 1 | |
| Staff of Sanctuary | 2 | |
| Orb of Fire | 2 | |
| Potion of Healing | 3 | |
| Khadgar's Gem of Health | 1 | |
| Scroll of Healing | 4 | |
| Scroll of Protection | 1 | |
| Potion of Invulnerability | 2 | |
| Warsong Battle Drums | 1 | |
| Khadgar's Pipe of Insight | 1 | |
| Replenishment Potion | 2 | |
| Staff of Silence | 1 | |
| Potion of Greater Healing | 1 | |
| Gloves of Haste | 1 | |
| Helm of Valor | 1 | |
| Pendant of Mana | 1 | |
54 total
observersdaselend,
Sakura[GGL],
y.zenchenko,
Nline,
Craquelin[FFA],
pandas.do.love,
Grammplan,
Eugey Chat log
(00:08 / All) Shunned: playable i guess
(00:11 / All) LSM33: Same
(00:20 / All) Shunned: so
(00:22 / All) Shunned: is that game?
(00:23 / All) LSM33: hf
(00:24 / All) LSM33: ?
(00:26 / All) lovetrance: hf
(00:30 / All) Slythe: keep playing?
(00:31 / All) Shunned: slythe there?
(00:34 / All) Slythe: ^^
(00:35 / All) Shunned: lets keep then
(00:36 / All) Slythe: yeah
(00:38 / All) Shunned: if all of u agree
(00:38 / All) Slythe: kk
(00:40 / All) Slythe: gl hf gg
(00:51 / Observers) y.zenchenko: bets sirs ?
(00:52 / Observers) daselend: tell me if it lags when i tab plz
(00:57 / Observers) Sakura[GGL]: the best player has best positions
(00:58 / Observers) Grammplan: i bet on tanks
(00:59 / Observers) daselend: did it?
(01:01 / Observers) Sakura[GGL]: position
(01:04 / All) Shunned: i never won a qualifier
(01:05 / Observers) Sakura[GGL]: no
(01:07 / Observers) daselend: good
(01:10 / All) LSM33: never played one
(01:16 / All) Slythe: same here
(01:20 / Observers) daselend: i think lsm is better than lovetrance
(01:25 / Observers) Sakura[GGL]: no
(01:28 / All) Shunned: i may not win
(01:34 / All) Shunned: but my country gonna win fifa's world cup
(01:35 / Observers) daselend: but im not sure who he is
(01:41 / Observers) daselend: i might mix him up with someone
(01:43 / Observers) Sakura[GGL]: he is a 40% azeroth ffaer
(01:49 / Observers) Sakura[GGL]: he cant beat me
(01:53 / Observers) daselend: ok
(01:55 / Observers) Sakura[GGL]: lets just say that
(01:56 / Observers) y.zenchenko: fail
(01:59 / Observers) daselend: i was thinking about some northrender ffaer
(02:04 / Observers) daselend: northrend*
(02:10 / Observers) daselend: who was pretty decent
(02:14 / Observers) daselend: and abused gay human
(02:26 / Observers) daselend: did sly random?
(02:30 / Observers) y.zenchenko: y
(02:36 / Observers) daselend: others picked?
(02:45 / Observers) Grammplan: lsm rnd too
(02:49 / Observers) y.zenchenko: other hum also rnd
(03:01 / Observers) Sakura[GGL]: 2 DR
(03:03 / Observers) y.zenchenko: tankochims game
(03:18 / All) Slythe: nana nana
(03:18 / Observers) y.zenchenko: mk !
(03:21 / All) Slythe: nana
(03:21 / Observers) Sakura[GGL]: i hate playing against human as NE
(03:23 / Observers) y.zenchenko: i bet on slythe
(03:23 / All) Slythe: say goodbye
(03:41 / Observers) daselend: holy crap that hero is late
(03:43 / Observers) Sakura[GGL]: i got shunned
(03:54 / Observers) Eugey: wtf
(03:56 / Observers) Sakura[GGL]: creeping red
(03:58 / Observers) daselend: yeah
(04:02 / Observers) y.zenchenko: he trying Rebuke hint
(04:23 / Observers) y.zenchenko: failed !
(04:28 / Observers) daselend: nah its good
(04:30 / Observers) Grammplan: bad idea i thought
(04:30 / Observers) Sakura[GGL]: i wish i was in this game
(04:32 / Observers) Sakura[GGL]: my scout wisp
(04:44 / Observers) Nline: lol sly
(04:52 / Observers) Sakura[GGL]: he should have pulled them
(05:02 / Observers) Sakura[GGL]: hes gonna have to tp
(05:16 / Observers) Sakura[GGL]: why is he focusing
(05:19 / Observers) Sakura[GGL]: the preist
(05:47 / Observers) daselend: id rather go creepjack with bm than risk what slythe did
(05:58 / Observers) Sakura[GGL]: id rather sit afk in my base
(06:04 / Observers) Eugey: yea doesnt seem very safe to me
(06:14 / Observers) Eugey: id rather EXPO
(06:15 / Observers) daselend: he didnt pull it off very well though
(06:19 / Observers) Sakura[GGL]: idk why ne's didnt have scout wisps
(06:50 / Observers) daselend: fun fact is
(06:53 / Observers) daselend: he didnt even get shredder
(07:01 / Observers) Sakura[GGL]: gonna be between blue and grey i think
(07:24 / Observers) daselend: yeah now that shunned stole ogre..
(07:40 / Observers) daselend: that am has nice attack speed
(07:40 / Observers) daselend: :D
(07:43 / Observers) Sakura[GGL]: who got 2nd shredder?
(08:01 / Observers) daselend: advantage elves
(08:05 / Observers) Sakura[GGL]: ..?
(08:11 / Observers) daselend: wtf
(08:38 / Observers) daselend: hes doing that like 3 hours late
(09:16 / Observers) daselend: shunned didnt the low hp panda?
(09:19 / Observers) daselend: see*
(09:32 / Observers) Sakura[GGL]: im stunned at what yellow is doing
(09:35 / Observers) Sakura[GGL]: stunned lol
(09:37 / All) lovetrance: other
(09:40 / All) Shunned: i need one
(09:43 / Observers) daselend: looks really bad
(09:53 / All) LSM33: k
(09:54 / All) LSM33: fuck u
(09:56 / Observers) Sakura[GGL]: blue should look at
(09:59 / Observers) Sakura[GGL]: positions
(10:06 / Observers) Sakura[GGL]: grey has best
(10:44 / Observers) pandas.do.love: surprised sly is still alive
(10:55 / Observers) Sakura[GGL]: yea
(11:05 / Observers) daselend: surprised the creeps didnt surge against such failure
(11:05 / Observers) Sakura[GGL]: i woulda taken him out back and shot him a long time ago
(11:10 / Observers) daselend: :D
(11:11 / Observers) Grammplan: gogogo mass tanks
(11:13 / Observers) y.zenchenko: solo mk 20 tanks strategy
(11:29 / Observers) pandas.do.love: that is a strategy?
(11:34 / Observers) Eugey: D:
(11:35 / Observers) Sakura[GGL]: mk harass against an army that will rape him strategy
(11:42 / Observers) Sakura[GGL]: l
(11:54 / Observers) pandas.do.love: go sly
(11:57 / Observers) pandas.do.love: mb u get this one then
(11:58 / Observers) Sakura[GGL]: basically
(12:01 / Observers) Sakura[GGL]: yellow just gets to
(12:05 / Observers) Sakura[GGL]: ruin someones day
(12:10 / Observers) pandas.do.love: yeah
(12:13 / Observers) pandas.do.love: which is good
(12:16 / Observers) Sakura[GGL]: and
(12:18 / Observers) pandas.do.love: cuz 3 way is worse than wx1
(12:21 / Observers) Sakura[GGL]: blue creepjacked him
(12:21 / Observers) Eugey: grey is having a good time creeping
(12:27 / All) Shunned: wish i had better position
(12:29 / Observers) Sakura[GGL]: i really hope
(12:33 / Observers) Sakura[GGL]: his owl sees the mk
(12:36 / All) LSM33: i wish i remembered how to play human
(12:40 / Observers) Sakura[GGL]: and makes this 40 mins of waiting useless
(12:45 / Observers) daselend: lsm has insane wood problems
(12:56 / Observers) pandas.do.love: jajajajjaa
(12:59 / Observers) Grammplan: why tp?
(13:02 / All) lovetrance: :D
(13:04 / Observers) Grammplan: he can run i thought
(13:05 / Observers) daselend: i have no idea
(13:05 / Observers) pandas.do.love: he was surrounded
(13:11 / Observers) Sakura[GGL]: good plan
(13:13 / Observers) daselend: hes an mk
(13:16 / Observers) daselend: with inv
(13:18 / Observers) daselend: why tp?!
(13:24 / Observers) Sakura[GGL]: he
(13:26 / Observers) pandas.do.love: he would have lost both
(13:28 / Observers) Sakura[GGL]: killed creep i thought
(13:29 / Observers) pandas.do.love: inbul and tp
(13:29 / Observers) daselend: teal is gonna die to blue now
(13:43 / Observers) Sakura[GGL]: its lightblue
(13:43 / All) LSM33: tt
(13:44 / Observers) Sakura[GGL]: not teal
(13:46 / All) LSM33: chim rush
(13:48 / All) LSM33: i hate this map
(13:51 / Observers) daselend: yeah whatever
(13:57 / Observers) daselend: "rush"
(13:58 / Observers) daselend: :DD
(14:06 / Observers) Sakura[GGL]: hawks against dr not very sound plan
(14:09 / Observers) daselend: he saw an elf
(14:10 / Observers) y.zenchenko: where ?
(14:12 / Observers) y.zenchenko: ? ? ? ?
(14:14 / Observers) daselend: surrounded next to him
(14:20 / Observers) daselend: and couldnt anticipate that?
(14:29 / Observers) daselend: two towers
(14:30 / All) lovetrance: wtf
(14:32 / Observers) Eugey: cant wait to see how yellow's plan will turn out
(14:33 / Observers) Sakura[GGL]: dase
(14:33 / Observers) pandas.do.love: crawu lag
(14:36 / Observers) pandas.do.love: craqu
(14:37 / Observers) daselend: yeah?
(14:43 / Observers) Sakura[GGL]: nvm
(14:47 / Observers) daselend: either ggc bug or craque lag
(14:59 / Observers) Craquelin[FFA]: I'll leave if it happens again
(15:14 / Observers) pandas.do.love: dunno if thats a good idea
(15:18 / Observers) pandas.do.love: ggc bug still existing ?
(15:28 / Observers) daselend: y
(15:31 / Observers) daselend: had it last game
(15:33 / Observers) Sakura[GGL]: if yellow had 3 heroes he could actually win
(15:55 / Observers) daselend: glaive
(15:56 / Observers) daselend: hurray
(16:04 / Observers) daselend: almost 50 damage
(16:05 / Observers) daselend: wooow
(16:06 / Observers) daselend: -.-
(16:38 / Observers) daselend: he just killed his own glaive
(16:40 / All) lovetrance: wtf it is?
(16:41 / Observers) Sakura[GGL]: ...
(16:45 / Observers) Nline: fuck
(16:45 / All) Slythe: who can drink the most while dancing at a pool
(16:49 / All) lovetrance: no he is fucking tanks me
(17:00 / Observers) Sakura[GGL]: 45/20 for grey
(17:06 / Observers) pandas.do.love: just kill all whisps now
(17:07 / Observers) pandas.do.love: andgg
(17:08 / Observers) pandas.do.love: ^^
(17:11 / All) lovetrance: stop this sly
(17:16 / Observers) Nline: nice abusing by sly
(17:34 / Observers) pandas.do.love: why is he doing that actually ?
(17:34 / Observers) daselend: actually its just weak defence by grey
(17:35 / Observers) Sakura[GGL]: he needs to retank expos
(17:37 / Observers) daselend: he should
(17:41 / Observers) daselend: just focus mk ONCE
(17:44 / Observers) Sakura[GGL]: he also
(17:47 / Observers) daselend: to take him out or make him tp even
(17:48 / Observers) Sakura[GGL]: left that
(17:56 / All) lovetrance: peace plz
(18:05 / All) Slythe: okay
(18:08 / Observers) Sakura[GGL]: he needs to
(18:12 / All) LSM33: scout me
(18:13 / Observers) Sakura[GGL]: mass gyro and tome blues army
(18:13 / All) LSM33: im dead
(18:18 / All) lovetrance: scout me
(18:30 / All) lovetrance: no expo no moonvels
(18:43 / Observers) pandas.do.love: vels
(18:45 / Observers) pandas.do.love: :>
(18:47 / Observers) pandas.do.love: cute
(18:48 / Observers) Sakura[GGL]: yellow needs to stop grey from hording now
(19:12 / All) Shunned: wtf
(19:22 / Observers) pandas.do.love: that was a mistake
(19:26 / Observers) daselend: bear
(19:29 / Observers) daselend: close
(19:32 / Observers) daselend: now its dead
(19:36 / Observers) pandas.do.love: ^
(19:37 / Observers) pandas.do.love: ^
(20:12 / Observers) pandas.do.love: is this
(20:15 / Observers) pandas.do.love: mk tank thing
(20:18 / Observers) pandas.do.love: a real ffa strat ?
(20:20 / Observers) Sakura[GGL]: no
(20:26 / Observers) Sakura[GGL]: i mean
(20:27 / Observers) daselend: everything is a real ffa strat
(20:28 / Observers) pandas.do.love: he made it up ?
(20:28 / Observers) Sakura[GGL]: obviously it is
(20:30 / Observers) Sakura[GGL]: hes doing
(20:32 / Observers) Sakura[GGL]: it
(20:35 / Observers) pandas.do.love: lmao
(20:45 / All) Shunned: peace slythe
(20:45 / Observers) daselend: did he just use a scroll
(20:46 / All) Shunned: i got no gold
(20:48 / All) Slythe: ok
(20:51 / Observers) Sakura[GGL]: for something to be a strat it needs to work
(20:52 / Observers) daselend: why would he do that
(20:54 / All) Slythe: hit trance then
(20:56 / Observers) Sakura[GGL]: so we will see if this works
(20:57 / All) Slythe: he mass hoard
(20:59 / All) lovetrance: me 2 no gold
(20:59 / All) LSM33: u really going to peace with him?
(21:01 / Observers) Eugey: not the most popular strat but it has to be a strat
(21:01 / All) lovetrance: wtf
(21:02 / All) Shunned: i need to finish lsm
(21:04 / All) lovetrance: mass hoard
(21:07 / Observers) Eugey: unless hes randomly throwing tanks around
(21:12 / All) LSM33: sly
(21:14 / All) LSM33: ur best bet
(21:15 / All) LSM33: is to hit blue
(21:22 / All) Shunned: got 1 expo all game
(21:28 / All) LSM33: i have no base
(21:28 / All) LSM33: lol
(21:49 / Observers) daselend: killing off 3 masonry without acid
(21:55 / All) lovetrance: 4 exe
(21:59 / All) Shunned: count
(22:19 / All) LSM33: sly
(22:19 / All) LSM33: back off
(22:20 / Observers) Sakura[GGL]: grey needs to try and take out yellow imo
(22:23 / Observers) Sakura[GGL]: or starve him
(22:29 / Observers) daselend: uproot
(22:30 / Observers) daselend: ffs
(22:42 / Observers) daselend: man has this guy never been tanked before?
(22:49 / Observers) Sakura[GGL]: lol
(22:50 / Observers) daselend: nooblex would just laugh at this strat
(22:50 / Observers) pandas.do.love: STUPID
(22:53 / All) lovetrance: 0 expo
(22:55 / All) lovetrance: sly 4 exe
(22:59 / Observers) daselend: with a lvl 10 panda
(23:01 / All) Slythe: not true
(23:02 / Observers) daselend: and 5 pendants
(23:27 / Observers) pandas.do.love: sly is dead
(23:31 / All) Slythe: i feed
(23:55 / All) lovetrance: help guys
(24:09 / Observers) pandas.do.love: random manipping by right side
(24:27 / Observers) daselend: not even crept
(24:28 / Observers) daselend: ridiculous
(24:33 / Observers) Sakura[GGL]: if i were yellow
(24:39 / Observers) Sakura[GGL]: i would through up 4 barracks
(24:50 / Observers) Sakura[GGL]: and be ready to pump mass knight
(24:56 / Observers) pandas.do.love: why that
(24:59 / Observers) Eugey: against what?
(25:00 / Observers) daselend: vs elf?!
(25:17 / Observers) Sakura[GGL]: yes
(25:18 / All) lovetrance: 100 food tanks come me
(25:26 / Observers) Grammplan: sly need some hawks
(25:30 / Observers) Eugey: why knights?
(25:33 / Observers) Sakura[GGL]: hawk vs DR
(25:37 / Observers) Sakura[GGL]: doesnt work
(25:53 / Observers) pandas.do.love: I love sly's harass :D
(25:54 / All) lovetrance: mb u stop?
(25:56 / Observers) Sakura[GGL]: knights cut through ne
(25:57 / Observers) daselend: this guy has been tanked
(25:57 / All) lovetrance: only suicide me?
(26:01 / All) Slythe: no
(26:04 / Observers) daselend: all game
(26:06 / All) Slythe: i also attack blue
(26:06 / All) lovetrance: why?
(26:10 / Observers) daselend: and he NOW gets glaives
(26:13 / Observers) daselend: with upgrades
(26:14 / Observers) daselend: hell
(26:18 / Observers) daselend: thats just bad
(26:25 / All) lovetrance: so ok u make me sure lose
(26:27 / All) lovetrance: i do it too
(26:39 / Observers) pandas.do.love: mimimimi
(26:43 / All) lovetrance: help
(26:49 / Observers) daselend: halp meh
(26:51 / All) Shunned: lsm on me
(26:58 / Observers) daselend: roar?!?!?
(26:59 / Observers) daselend: ffs
(26:59 / Observers) pandas.do.love: lol
(27:02 / Observers) pandas.do.love: "lsm on me "
(27:07 / Observers) Sakura[GGL]: main going down
(27:10 / Observers) daselend: roar once for fucks sake
(27:11 / Observers) daselend: thats insane
(27:23 / All) LSM33: well
(27:24 / All) LSM33: sly
(27:24 / All) lovetrance: lost main
(27:26 / All) LSM33: ur bout to be teamed
(27:27 / All) LSM33: gl
(27:45 / Observers) Sakura[GGL]: run AM RUN
(27:57 / All) lovetrance: thx really
(27:57 / Observers) Sakura[GGL]: lol
(28:00 / All) lovetrance: just suicide
(28:10 / All) lovetrance: with 4 exe
(28:25 / Observers) pandas.do.love: suicide with 4 exe
(28:28 / Observers) pandas.do.love: is paradoxon
(28:32 / Observers) daselend: oxymoron
(28:33 / All) Slythe: thunder storm outside
(28:42 / Observers) pandas.do.love: lol
(29:01 / All) Shunned: slythe hoarding?
(29:03 / All) Shunned: tell the turth
(29:05 / Observers) pandas.do.love: lumber jack
(29:05 / All) lovetrance: lol
(29:06 / All) Slythe: like i would lol
(29:09 / All) lovetrance: he suiciding
(29:14 / All) Slythe: #contantly 100 at trance
(29:14 / All) lovetrance: mass tanks abuse
(29:19 / All) lovetrance: nice
(29:29 / All) lovetrance: if i leave first u will happy?
(29:36 / All) Shunned: lsm
(29:38 / All) Slythe: dont
(29:38 / All) Shunned: u want me to finish u?
(29:41 / Observers) daselend: man grey is pretty bad indeed
(29:45 / All) lovetrance: i really go
(29:47 / All) lovetrance: leave
(29:48 / All) LSM33: shunned
(29:49 / All) lovetrance: if u not b
(29:50 / Observers) Sakura[GGL]: he was rank 1 euro
(29:51 / All) LSM33: u rushed me like a tool
(29:53 / All) Shunned: yes?
(29:55 / All) LSM33: when i suckw ith humna
(29:57 / All) Shunned: i was surrounded
(29:58 / All) Shunned: man
(30:00 / All) LSM33: ok
(30:00 / Observers) Sakura[GGL]: thought he was better
(30:00 / Observers) daselend: so
(30:03 / Observers) Sakura[GGL]: he got rolled tho
(30:05 / Observers) pandas.do.love: is this actually ladder/fml ?
(30:05 / Observers) daselend: thats ladder
(30:05 / All) LSM33: not my fualt
(30:12 / Observers) daselend: this is a fml game
(30:18 / Observers) daselend: ladder rank doesnt mean anything to me
(30:20 / Observers) daselend: just mass gaming
(30:25 / Observers) pandas.do.love: money on shunned for sure
(30:36 / All) lovetrance: 31-50
(30:40 / All) lovetrance: 600 gold
(30:43 / All) lovetrance: finish me
(30:50 / Observers) daselend: hes even to dumb
(30:51 / Observers) Sakura[GGL]: dont understimate how gay alchemist can be late game
(30:52 / Observers) daselend: to kill that panda
(30:56 / Observers) daselend: it blows my mind
(30:57 / Observers) daselend: seriously
(31:02 / Observers) daselend: one of the worst elf games ive ever seen
(31:10 / Observers) pandas.do.love: there will be no lvl 6 alchimist
(31:28 / All) Shunned: stop doing that please
(31:34 / All) Shunned: just leave
(31:52 / Observers) daselend: its probably your own fault
(32:01 / Observers) daselend: if youre not able to take care of a solo lvl 4 archmage harassing you
(32:06 / Observers) Sakura[GGL]: lol
(32:08 / Observers) Eugey: loll
(32:08 / Observers) pandas.do.love: ^^
(32:09 / Observers) Sakura[GGL]: dase
(32:11 / Observers) Sakura[GGL]: it has
(32:12 / Observers) Eugey: lvl 5!
(32:12 / Observers) Sakura[GGL]: drums
(32:22 / Observers) Eugey: and bots
(32:23 / Observers) Sakura[GGL]: im sorry
(32:24 / Observers) Eugey: boots
(32:28 / Observers) Sakura[GGL]: a JANGGO
(32:37 / Observers) daselend: i bet he hasnt heard of cyclone
(32:38 / Observers) pandas.do.love: janGGo ?
(32:43 / Observers) daselend: why the hell does he have that many hippos anyways
(32:44 / Observers) Eugey: he runs faster then lightning
(32:44 / Observers) daselend: vs human
(32:51 / Observers) Eugey: lb might win with this
(32:55 / Observers) daselend: hippos suck vs any human who knows how tanks look
(33:10 / Observers) Sakura[GGL]: he can
(33:11 / Observers) Sakura[GGL]: get out
(33:12 / Observers) Sakura[GGL]: he MUST
(33:13 / Observers) Grammplan: bye
(33:15 / Observers) Sakura[GGL]: ahh
(33:29 / Observers) daselend: i think he couldve gotten out at the other side?
(33:31 / Observers) Sakura[GGL]: and the tanks shall set you free
(33:47 / Observers) Eugey: shoulda got a staff of tp
(34:05 / Observers) daselend: chims flying over tanks makes human happy
(34:19 / Observers) daselend: reju plz
(34:21 / Observers) daselend: and dont run
(34:22 / Observers) pandas.do.love: lvl 6 potm
(34:22 / Observers) Sakura[GGL]: covert
(34:54 / Observers) daselend: cant believe two elves in this game have no idea how to handle tanks
(34:55 / Observers) daselend: at all
(35:08 / Observers) Sakura[GGL]: i hate tanks
(35:10 / Observers) Sakura[GGL]: as ne
(35:27 / Observers) daselend: of course theyre still gay (and probably overpowered)
(35:31 / Observers) pandas.do.love: why
(35:32 / Observers) daselend: but to be a decent elf
(35:41 / Observers) daselend: you gotta be able to deal witht them
(35:42 / Observers) daselend: why what
(35:49 / Observers) Sakura[GGL]: because
(35:51 / Observers) pandas.do.love: nvm
(35:54 / Observers) Sakura[GGL]: i dislike NE ground
(35:58 / All) LSM33: lol
(36:04 / Observers) pandas.do.love: I said why bc shunned tp'ed for no reason to a dead tree of life
(36:12 / Observers) Sakura[GGL]: ahhh
(36:16 / Observers) Grammplan: tree want to kell peasant
(36:20 / Observers) Grammplan: kill
(36:21 / Observers) Sakura[GGL]: bullshit
(36:21 / Observers) daselend: lol
(36:21 / Observers) pandas.do.love: hahahhaa
(36:25 / Observers) daselend: what the alch die of?
(36:25 / Observers) pandas.do.love: last potm arrow
(36:38 / Observers) pandas.do.love: well
(36:39 / Observers) pandas.do.love: at least
(36:42 / Observers) daselend: ok
(36:45 / Observers) pandas.do.love: the sound of a hitting potm arrow
(36:45 / Observers) daselend: how long does it take
(36:49 / Observers) pandas.do.love: was the last soudn I heard
(36:51 / Observers) daselend: for mr blue elf
(36:51 / Observers) Eugey: lol
(36:53 / Observers) daselend: to realize
(36:55 / Observers) daselend: hes gotta
(36:57 / Observers) daselend: fucking mass chims
(37:01 / Observers) daselend: on slys main
(37:08 / Observers) daselend: and stop defending worthless expos
(37:19 / Observers) Sakura[GGL]: slythe would just trade
(37:20 / Observers) pandas.do.love: well
(37:24 / Observers) pandas.do.love: yea
(37:24 / Observers) Sakura[GGL]: happily
(37:29 / Observers) daselend: thats hilarious
(37:34 / Observers) pandas.do.love: LOL
(37:35 / Observers) pandas.do.love: NO
(37:36 / Observers) pandas.do.love: ACID
(37:37 / Observers) Eugey: O.O
(37:38 / Observers) Grammplan: aha
(37:40 / Observers) daselend: still no acid
(37:44 / Observers) Grammplan: greatest mistake
(37:44 / Observers) daselend: good lord
(37:52 / Observers) Grammplan: now sly will tower it
(37:54 / Observers) daselend: this game is not a showcase of skill
(38:22 / Observers) pandas.do.love: die
(38:29 / Observers) daselend: i love the hippos
(38:41 / Observers) pandas.do.love: lazyy
(39:02 / Observers) daselend: ACIDDDD
(39:02 / Observers) pandas.do.love: come on sly
(39:05 / Observers) pandas.do.love: I wnt u to win
(39:14 / Observers) Sakura[GGL]: he needs to
(39:17 / Observers) Sakura[GGL]: que 1000 tanks
(39:20 / Observers) daselend: actually
(39:21 / Observers) Sakura[GGL]: because hes losing his main
(39:23 / Observers) daselend: hes doing what
(39:29 / Observers) daselend: i said 2 minutes ago
(39:31 / Observers) daselend: blue i mean
(39:32 / Observers) daselend: im happy
(39:41 / Observers) Sakura[GGL]: i hope he has gyro upgrade
(39:47 / Observers) pandas.do.love: he hasnt
(39:49 / Observers) Sakura[GGL]: gg
(39:49 / Observers) pandas.do.love: quite sure
(40:04 / Observers) Grammplan: where grey`s main?
(40:14 / Observers) pandas.do.love: he never really had one
(40:22 / Observers) pandas.do.love: panda down
(40:23 / Observers) pandas.do.love: !
(40:23 / Observers) daselend: tp out
(40:25 / Observers) daselend: scroll up
(40:26 / Observers) daselend: please
(40:49 / Observers) daselend: moar chims
(41:04 / Observers) Grammplan: he dont know the right number of workers on the goldmine
(41:04 / Observers) pandas.do.love: shunned should have expod
(41:08 / Observers) pandas.do.love: while pushing sly
(41:16 / Observers) Grammplan: so he do it randomly
(41:17 / Observers) Sakura[GGL]: yellow needs units other than tanks
(41:33 / Observers) pandas.do.love: which ones ?
(41:41 / Observers) Grammplan: hawx
(41:43 / Observers) daselend: focus the goddamn tanks
(41:45 / Observers) pandas.do.love: vs dr
(41:46 / Observers) Sakura[GGL]: no
(41:46 / Observers) pandas.do.love: no use
(41:51 / Observers) Grammplan: dr cant always silence
(41:53 / Observers) daselend: or breath at least
(42:23 / Observers) pandas.do.love: damn all 16 hp chims in the world
(42:25 / Observers) Sakura[GGL]: yellow is starting to pass blue in gold
(42:27 / Observers) pandas.do.love: lol
(42:29 / Observers) pandas.do.love: lsm still in
(42:39 / Observers) Eugey: lb got this
(42:42 / Observers) daselend: lol
(42:44 / Observers) Sakura[GGL]: lsm feeding blues potm
(42:47 / Observers) daselend: he killed 2 chims
(42:51 / Observers) daselend: i cant believe it
(42:52 / Observers) Sakura[GGL]: oh did he
(42:53 / Observers) Sakura[GGL]: rofl
(42:54 / Observers) daselend: i wanna leave this game
(42:56 / Observers) pandas.do.love: lvl 6 am
(42:56 / Observers) Sakura[GGL]: ALMOST 6
(43:01 / Observers) pandas.do.love: and deadly harass continues
(43:04 / Observers) pandas.do.love: he is like a ghost
(43:05 / Observers) daselend: PLEASE
(43:06 / Observers) pandas.do.love: shunned killed
(43:06 / Observers) daselend: KILL YELLOW
(43:09 / Observers) daselend: BLUE
(43:10 / Observers) pandas.do.love: but the ghost still seeks for revenge
(43:11 / Observers) Eugey: lvl 6 am with no units
(43:12 / Observers) Eugey: yay
(43:12 / Observers) daselend: my god
(43:15 / Observers) daselend: it hurts
(43:24 / Observers) daselend: more chims
(43:26 / Observers) daselend: a bear
(43:28 / Observers) daselend: anything
(43:37 / Observers) Sakura[GGL]: dase you shoulda seen the chat in our game was funny
(43:42 / Observers) Eugey: zergling or something
(43:47 / Observers) daselend: hydralisks!!!
(43:53 / Observers) daselend: i read it
(43:55 / Observers) Eugey: mass hydra
(43:59 / Observers) daselend: hes tping there
(44:00 / Observers) daselend: why
(44:02 / Observers) daselend: in gods name
(44:04 / Observers) daselend: is he tping there
(44:05 / Observers) Grammplan: mb blue should use bears mgs and talons to counter sly
(44:08 / Observers) Sakura[GGL]: to snag a breaker
(44:11 / Observers) daselend: he should get mgs for sure
(44:13 / Observers) Grammplan: i thought it would be better
(44:17 / Observers) pandas.do.love: mass hydra countered by mass charglots
(44:42 / Observers) pandas.do.love: potm
(44:43 / Observers) pandas.do.love: !
(44:43 / Observers) Sakura[GGL]: OH
(44:46 / Observers) Eugey: BAW
(44:50 / Observers) pandas.do.love: that was hugue
(44:51 / Observers) pandas.do.love: huge
(44:53 / Observers) daselend: slythe won because of the inability
(44:55 / Observers) daselend: of his opponents
(44:59 / Observers) daselend: to deal with tanks
(45:08 / All) Shunned: damn
(45:11 / Observers) daselend: but in shunneds defense
(45:17 / All) Shunned: anybody alive?
(45:18 / Observers) daselend: hes got at least 200ms anytime he plays
(45:18 / Observers) Grammplan: bolt to wrong chim
(45:26 / All) LSM33: define
(45:26 / All) LSM33: alive
(45:30 / Observers) pandas.do.love: xaxa
(45:34 / All) Shunned: ur willing to help me?
(45:35 / Observers) daselend: lsm is doing the rest
(45:38 / All) LSM33: eh
(45:39 / All) LSM33: mb
(45:40 / Observers) Sakura[GGL]: who gets last score you think?
(45:40 / Observers) Grammplan: ofc not
(45:42 / Observers) daselend: oh no.
(45:45 / Observers) daselend: he didnt cancel
(45:52 / All) Slythe: define mb
(45:54 / Observers) Sakura[GGL]: grey bot score?
(45:55 / Observers) daselend: lsm gets last
(45:56 / All) LSM33: well
(45:57 / Observers) Sakura[GGL]: or lsm
(45:58 / Observers) Eugey: lol grey
(45:58 / Observers) Sakura[GGL]: yea
(46:01 / All) LSM33: theres just some problems
(46:03 / All) LSM33: with me helping
(46:05 / Observers) pandas.do.love: HAHAHAH
(46:05 / Observers) daselend: lol
(46:07 / Observers) daselend: i LOVE
(46:08 / Observers) daselend: the gyro
(46:09 / Observers) Eugey: grey has no clue whats going on hes been doing nothing
(46:12 / Observers) daselend: on follow
(46:13 / Observers) Grammplan: poor tree
(46:19 / Observers) Sakura[GGL]: yea but hes had more outcome on the game
(46:21 / Observers) Eugey: lmao
(46:30 / Observers) Grammplan: hugry tree need to eat some gold
(46:31 / Observers) Eugey: lb should hunt grey
(46:32 / All) LSM33: the biggest reason im against helping
(46:38 / All) LSM33: is he knows where all my buildings are
(46:42 / All) LSM33: and he can easily finish me
(46:50 / All) LSM33: but
(46:54 / All) LSM33: i could use a higher lvl hero
(46:55 / All) LSM33: for fun
(47:05 / Observers) Sakura[GGL]: hunting
(47:06 / Observers) Sakura[GGL]: grey
(47:08 / Observers) Sakura[GGL]: baby
(47:20 / Observers) daselend: if blue takes out something
(47:22 / Observers) daselend: like workshops
(47:23 / Observers) Eugey: that tree cant do shit vs mass tp
(47:26 / Observers) daselend: instead of hiding back in his base
(47:30 / Observers) Grammplan: tree needs to a break
(47:30 / Observers) Sakura[GGL]: castle
(47:33 / Observers) daselend: he could stall him
(47:37 / All) Shunned: gold slythe?
(47:39 / Observers) Grammplan: it walks too much
(47:42 / All) Slythe: some ye
(47:51 / Observers) Sakura[GGL]: hi
(47:56 / Observers) lovetrance: hi
(47:59 / Observers) pandas.do.love: hi
(48:02 / Observers) Grammplan: GOGO LB U CAN WON THIS GAME
(48:05 / Observers) Eugey: hai
(48:05 / Observers) Sakura[GGL]: that had to hurt
(48:13 / Observers) lovetrance: n/c
(48:17 / Observers) pandas.do.love: JAJAJA
(48:22 / Observers) pandas.do.love: that staff
(48:26 / Observers) pandas.do.love: u saw the staff ?
(48:27 / All) Shunned: hit his expos
(48:28 / All) Shunned: he is at 50
(48:30 / Observers) daselend: y
(48:30 / All) LSM33: i am
(48:34 / All) Slythe: i am constantly losing battkes
(48:37 / All) Slythe: just can make him tp
(48:38 / All) Shunned: lol?
(48:43 / Observers) daselend: lol
(48:45 / Observers) daselend: EPIC
(48:52 / Observers) pandas.do.love: doomed
(48:52 / Observers) Sakura[GGL]: hes gonna get that son of a bitch
(48:52 / Observers) Eugey: no alch!
(48:59 / Observers) daselend: another elemental
(48:59 / Observers) Grammplan: GOGO
(49:00 / Observers) daselend: gogo
(49:05 / Observers) daselend: hilarious
(49:06 / Observers) Sakura[GGL]: let him go
(49:09 / Observers) pandas.do.love: np
(49:13 / Observers) pandas.do.love: he got the money to rebuy AM
(49:17 / All) LSM33: damn
(49:17 / All) LSM33: lolz
(49:22 / All) Shunned: a shame u got to manip sly
(49:32 / All) Slythe: whatu talking
(49:33 / Observers) daselend: i love how lsm
(49:35 / Observers) daselend: just fucked over
(49:36 / All) Slythe: i lost almost whole main
(49:37 / All) Slythe: and u?=...
(49:39 / Observers) Eugey: buy heros in mid omgawd
(49:39 / Observers) daselend: shunneds economy
(49:40 / Observers) daselend: constantly
(49:49 / Observers) daselend: instead of doing something useful
(49:51 / Observers) Sakura[GGL]: shunned scould have
(49:55 / All) Shunned: u got 5 expos at 50
(50:01 / All) Slythe: at 50?
(50:01 / Observers) Sakura[GGL]: killed his base and shit tho
(50:03 / All) LSM33: then hit him
(50:04 / All) LSM33: lol
(50:04 / All) Slythe: tell em that earlier
(50:06 / All) LSM33: im dead now
(50:09 / All) Shunned: i got no gold to army
(50:10 / Observers) daselend: shunned had this
(50:12 / Observers) daselend: take
(50:16 / All) LSM33: nor me
(50:17 / All) LSM33: lol
(50:17 / Observers) daselend: as much chims as you can get
(50:23 / All) Shunned: well
(50:23 / Observers) daselend: addin a few mgs
(50:26 / All) Shunned: im hitting his expos
(50:30 / Observers) daselend: and kill the tank breaker guy
(50:50 / Observers) Sakura[GGL]: if lovetranced
(50:51 / Observers) daselend: it wasnt his micro
(50:52 / Observers) Sakura[GGL]: had stopped
(50:56 / Observers) Sakura[GGL]: that expos
(50:59 / Observers) daselend: which i understand is sloppy because of huge delay
(51:03 / Observers) daselend: it was his decision making
(51:08 / Observers) daselend: "hey lets save that hollow expo"
(51:12 / Observers) daselend: another 350 gold
(51:24 / Observers) daselend: "hey lets stay at 80 even though i could just pump to 100 wiht 5k in bank"
(51:32 / Observers) pandas.do.love: aww
(51:35 / All) Slythe: damn lost ehro again
(51:37 / Observers) pandas.do.love: oo misery
(51:39 / All) Shunned: took a hero
(51:51 / Observers) pandas.do.love: lmao
(51:56 / Observers) Eugey: lol wtf
(51:57 / Observers) pandas.do.love: I cant say he didnt try
(51:58 / Observers) Grammplan: hahaha
(51:58 / All) Shunned: what do u mean by
(51:59 / All) Shunned: again?
(52:07 / All) LSM33: i got his alchy when it tped back
(52:12 / Observers) Grammplan: HE CAN WIN THIS FUCKIN GAME I BELIEVE! :)
(52:17 / All) Shunned: can u kill the tanks?
(52:22 / All) LSM33: no im dead
(52:25 / All) LSM33: like fully deade
(52:26 / Observers) Eugey: lb will win through his secret plan
(52:31 / All) LSM33: he finishing me
(52:32 / Observers) daselend: that am isnt having fun
(52:32 / Observers) Sakura[GGL]: shredder
(52:34 / Observers) pandas.do.love: is he attacking the tree?
(52:38 / Observers) Grammplan: faster
(52:43 / Observers) pandas.do.love: or why arent the builders getting wood ?
(52:50 / Observers) Sakura[GGL]: hes attacking
(52:53 / Observers) daselend: ofc hes attacking
(52:56 / Observers) pandas.do.love: ok
(52:57 / Observers) daselend: otherwise he would return
(52:58 / Observers) pandas.do.love: 2.4 gold
(53:09 / Observers) daselend: oh god
(53:15 / Observers) daselend: why am i host of this forsaken game
(53:25 / Observers) pandas.do.love: because it is slightly epic
(53:28 / Observers) Sakura[GGL]: i likd this game
(53:30 / Observers) daselend: if he gets a high ground tower
(53:30 / Observers) pandas.do.love: with sly winning a lost game
(53:32 / Observers) daselend: base
(53:35 / Observers) daselend: holy fuck
(53:38 / Observers) daselend: it could take hours
(53:43 / Observers) daselend: for sly to even build
(53:46 / Observers) daselend: a gryphon aviary
(53:57 / Observers) pandas.do.love: there is 1
(53:57 / Observers) daselend: ha he actually got 2 lol
(53:58 / Observers) Sakura[GGL]: sly looked like a crackhead in the begining
(54:07 / Observers) daselend: did he ever use them?
(54:10 / Observers) pandas.do.love: n
(54:29 / Observers) Sakura[GGL]: blue is back in it
(54:33 / Observers) Sakura[GGL]: hes been hording
(54:39 / Observers) daselend: yeah
(54:44 / Observers) Sakura[GGL]: yellow level 6 alche
(54:47 / Observers) Sakura[GGL]: like i said
(54:53 / All) LSM33: aww
(54:53 / All) Shunned: damn
(54:54 / All) LSM33: fudge
(54:55 / Observers) pandas.do.love: POTM
(55:01 / Observers) pandas.do.love: u saw that ?
(55:02 / All) LSM33: how u find me
(55:03 / All) LSM33: ?
(55:05 / Observers) Sakura[GGL]: >
(55:05 / All) Slythe: hot fudge
(55:07 / Observers) Sakura[GGL]: ?
(55:08 / Observers) daselend: can you refrain
(55:12 / All) Slythe: scoutying
(55:12 / All) LSM33: howww
(55:13 / Observers) daselend: from spamming signlas
(55:14 / Observers) daselend: thanks
(55:29 / All) Slythe: sparkle would say: i got coperts doing labs all map, no chance
(56:15 / Observers) daselend: that arcane tower will rape the gyros
(56:15 / Observers) daselend: hard
(56:27 / Observers) Sakura[GGL]: lol
(56:35 / Observers) Sakura[GGL]: grey is relilient
(56:39 / Observers) Sakura[GGL]: resiliant
(56:44 / Observers) daselend: lol
(56:46 / Observers) pandas.do.love: friends coming
(57:12 / Observers) daselend: he really doesnt like his chims to focus
(57:16 / Observers) pandas.do.love: why doesnt he use panda ulti for once
(57:38 / Observers) daselend: oh god thats so bad
(57:39 / Observers) Sakura[GGL]: whats best way to deal with tanks
(57:45 / Observers) daselend: MICRO YOUR CHIMS
(57:48 / Observers) daselend: thats a start
(57:54 / Observers) Sakura[GGL]: cyclone?
(57:58 / Observers) daselend: doesnt work
(58:03 / All) Shunned: gg i guess
(58:11 / All) Slythe: maybe yea
(58:17 / Observers) daselend: he threw the game away twice
(58:23 / Observers) daselend: didnt have any scrolls?
(58:27 / Observers) daselend: didnt micro his chims at all
(58:30 / Observers) daselend: just let them die
(58:41 / Observers) Eugey: i guess tanks kill chims very slowly so
(58:44 / Observers) Sakura[GGL]: and
(58:52 / Observers) Eugey: scroll and aim heros? or just kite the chims and use glaive mb
(58:58 / Observers) Sakura[GGL]: they all ignored yellow having 4 expos and mass tanks
(59:06 / Observers) Sakura[GGL]: need ot
(59:07 / Observers) Sakura[GGL]: to
(59:08 / Observers) daselend: depends
(59:09 / Observers) Sakura[GGL]: focus tanks
(59:12 / Observers) Sakura[GGL]: one at a time
(59:16 / Observers) Sakura[GGL]: they go down pretty quick
(59:21 / Observers) daselend: i focus tanks at one time if i have like
(59:26 / Observers) daselend: 6+ chims
(59:34 / Observers) daselend: actually with 4-5 too if i have panda
(59:37 / Observers) daselend: which i always have
(59:45 / Observers) Eugey: also panda fire breath will kill 10 tank in like 4 breath
(60:06 / Observers) Sakura[GGL]: alche can eat all chims tho
(60:25 / Observers) Eugey: thats cuz he managed to lvl up D:
(60:36 / Observers) pandas.do.love: 430 gold expo
(60:37 / All) Shunned: u still there lsm?
(60:58 / Observers) Sakura[GGL]: thats a profit of 90 gold dipshit
(61:11 / Observers) Sakura[GGL]: i very good investment indeed
(61:19 / Observers) Sakura[GGL]: ;D
(61:30 / Observers) pandas.do.love: :P
(61:37 / Observers) pandas.do.love: d
(61:38 / Observers) pandas.do.love: i
(61:38 / Observers) pandas.do.love: e
(61:41 / Observers) Sakura[GGL]: rofl
(61:52 / All) LSM33: back
(61:53 / All) LSM33: what i miss
(61:53 / Observers) pandas.do.love: panda down
(61:56 / Observers) pandas.do.love: gg
(61:58 / All) Shunned: nothing
(61:59 / All) Shunned: gg
(62:01 / All) LSM33: gg